[Event "4NCL Div 1 2024-25"]
[Site "England"]
[Date "2025.01.25"]
[Round "3.20"]
[White "Price, Gwilym"]
[Black "Badacsonyi, Frankie"]
[Result "1/2-1/2"]
[Annotator "TA"]
[ECO "B88"]
[WhiteElo "2223"]
[BlackElo "2266"]
[PlyCount "80"]
[EventDate "2024.11.23"]
[EventType "team-tourn"]
[EventCountry "ENG"]
[SourceTitle "playchess.com"]
[Source "ChessBase"]
[SourceQuality "1"]
[TimeControl "40/6000+30:3000+30"]

1. e4 c5 2. Nf3 d6 3. d4 cxd4 4. Nxd4 Nf6 5. Nc3 Nc6 6. Bc4 Qb6 7. Ndb5 a6 8. Be3 Qa5 9. Nd4 e6 10. O-O Be7 11. Bb3 Qc7 12. f4 b5 13. f5 Nxd4 14. Qxd4 O-O 15. Rf3 $146 {[%emt 0:28:03] B88: Sicilian: Sozin Attack.} (15. fxe6 {simplifies} Bxe6 16. Nd5 Nxd5 17. exd5 Bd7 18. Qd2) (15. Kh1 Bd7 16. a3 Ng4 17. Bf4 Ne5 18. Rad1 Rad8 19. Qe3 Bc8 20. Qh3 Nc4 21. Rd3 Bf6 22. Rg3 Qe7 23. Bh6 {1-0 Escalante Ramirez,B (2485)-De la Colina,N (2170) Philadelphia op 17th 2024 (3)}) 15... Ng4 16. Rg3 {[%emt 0:01:38] A sharp opening} (16. fxe6 $11 Bxe6 17. h3) 16... Bf6 $15 {[%emt 0:02:44] Successful Defense Black} (16... exf5 $2 17. Nd5 Qd8 18. exf5 $18) 17. Rxg4 $2 Bxd4 $19 18. Bxd4 g6 (18... exf5 19. Rxg7+ Kh8 20. Rxf7+ Kg8 21. Rg7+ Kh8 22. Rg8#) 19. Rf1 b4 (19... Qe7 $19 20. Rf3 a5) 20. Nd5 $17 exd5 21. Bxd5 {[%emt 0:00:07] [#]} Qe7 $1 22. Bxa8 {[%emt 0:12:51] [#] Threatens to win with Bd5. A strong pair of Bishops.} Bxf5 $1 23. exf5 Rxa8 24. fxg6 fxg6 25. Rgf4 {[%emt 0:02:08] Prevents Rf8.} Qe6 (25... Rc8 $15 26. c3 Qe6) 26. h4 $11 Qd5 27. c3 bxc3 28. bxc3 Re8 29. a4 Re5 30. c4 Qc6 $2 {[%emt 0:03:19] [#]} (30... Qe6 $11 {and Black has nothing to worry.}) 31. c5 $4 Rf5 $1 $19 32. cxd6 Rxf4 ({Inferior is} 32... Qxa4 33. Rxf5 Qxd4+ 34. R5f2 $11) 33. Rxf4 Qxd6 $2 {[%emt 0:00:24][%mdl 4096] Endgame KQ-KRB} (33... Qxa4 $19 {...Qb4 is the strong threat.} 34. Be5 Qb5) 34. g3 Qd5 {[%emt 0:01:03] Black is clearly better.} 35. Bf2 h6 36. Rd4 Qe5 37. Kg2 g5 38. hxg5 hxg5 39. Kg1 Kh7 40. Kg2 Kg6 {[%emt 0:00:59] Weighted Error Value: White=0.32/Black=0.29 (precise)   Loses game:     	---       	Black=1      Missed win:     	White=1     	Black=1      Mistake:       	White=2     	Black=2      Inaccurate:     	White=1     	---        OK:         	White=10    	Black=7      Best:        	White=1     	Black=3      Strong:       	---       	Black=1} 1/2-1/2

[Event "4NCL Div 1 2024-25"]
[Site "England"]
[Date "2025.01.25"]
[Round "3.21"]
[White "Yoon, Jacob D"]
[Black "Dong, Bao Nghia"]
[Result "1-0"]
[Annotator "TA"]
[ECO "A10"]
[WhiteElo "2270"]
[BlackElo "2247"]
[PlyCount "81"]
[EventDate "2024.11.23"]
[EventType "team-tourn"]
[EventCountry "ENG"]
[SourceTitle "playchess.com"]
[Source "ChessBase"]
[SourceQuality "1"]
[TimeControl "40/6000+30:3000+30"]

1. Nf3 f5 2. c4 g6 3. Nc3 Bg7 4. d3 Nf6 5. Bd2 c6 $146 (5... d6 6. b3 O-O 7. Rc1 c6 8. g3 e5 9. e4 fxe4 10. dxe4 Na6 11. Bg2 Nc5 {0-1 Korthase,E (1227)-Pietschker,M (1581) Mecklenburg VP LL2 Ost 1011 2010 (8.8)}) 6. Qc1 {[%emt 0:00:24] A10: English Opening: Unusual Replies for Black.} d6 7. Bh6 Bxh6 8. Qxh6 {[%emt 0:00:05] The position is equal.} Qb6 9. Qd2 e5 10. g3 O-O 11. Bg2 f4 12. d4 e4 13. Ng5 e3 14. fxe3 $18 fxe3 15. Qxe3 Qxb2 (15... Bf5 {is a better chance.}) 16. O-O Bf5 {[%emt 0:00:19] [#] Wards off Rab1} 17. Rxf5 $2 gxf5 18. Rb1 Qc2 19. Rxb7 ({White should play} 19. Rc1 Qb2 20. Rb1) 19... Nbd7 $16 {[%emt 0:00:21] [#] White must now prevent ...Rae8.} 20. Ne6 $1 $36 {[%emt 0:00:06][%mdl 2048] Keeping Black busy. Dancing on a razor blade. White is much more active.} (20. Bxc6 Rae8 21. Ne6 f4 22. gxf4 Rf7) 20... Rf7 (20... f4 $16 {might work better.} 21. gxf4 (21. Qxf4 Qxc3 22. Qg5+ Kf7 $11) 21... Rf7) 21. Bxc6 $18 f4 {[%emt 0:00:30] Black is weak on the light squares} (21... Ng4 $16 22. Qd3 Qc1+ 23. Nd1 Rb8) 22. Nxf4 ({Don't play} 22. gxf4 $6 Re8 $16) 22... Re8 {[%emt 0:00:20] [#]} 23. Qd3 Qc1+ 24. Nd1 Rb8 25. Rxb8+ (25. Rxa7 Nc5 26. dxc5 Rxa7 27. Qxd6 (27. cxd6 $2 {is the wrong capture.} Rb1 $19) 27... Rf8 $16) 25... Nxb8 26. Ba4 Kh8 27. Kg2 Nbd7 28. Qc2 Qa3 29. Qb3 Qc1 (29... Qxb3 30. Bxb3 (30. axb3 Ne4 $18) 30... Nb8) 30. c5 Rg7 31. Ne6 Qd2 $2 (31... Rg8 32. cxd6 Qd2) 32. Nxg7 {[%emt 0:02:35] White is clearly winning.} Qxe2+ 33. Nf2 Ng4 34. Bxd7 Ne3+ {[%emt 0:00:00] [#]} 35. Qxe3 $3 Qxe3 36. Nf5 Qa3 37. c6 {[%emt 0:00:41] and c7 should not be overlooked} Qa5 38. Nxd6 Kg8 39. Be6+ Kf8 40. d5 {[%emt 0:00:31][%cal Od6b5] Intending Nb5! and mate.} Ke7 {[%emt 0:00:00] [#]} 41. Nb5 $1 {[%emt 0:50:49] Weighted Error Value: White=0.31/Black=1.11  Mistake:       	White=2     	Black=6      Inaccurate:     	---       	Black=2      OK:         	White=10    	Black=8      Best:        	White=5     	Black=1      Strong:       	White=1     	---} 1-0

[Event "4NCL Div 1 2024-25"]
[Site "England"]
[Date "2025.01.25"]
[Round "3.22"]
[White "Onslow, Alfie"]
[Black "Villiers, Thomas"]
[Result "1-0"]
[Annotator "TA"]
[ECO "D00"]
[WhiteElo "2170"]
[BlackElo "2182"]
[PlyCount "75"]
[EventDate "2024.11.23"]
[EventType "team-tourn"]
[EventCountry "ENG"]
[SourceTitle "playchess.com"]
[Source "ChessBase"]
[SourceQuality "1"]
[TimeControl "40/6000+30:3000+30"]

1. d4 d5 2. Bf4 Nf6 3. e3 c5 4. dxc5 Nc6 5. Bb5 g6 (5... Bd7 $11) 6. b4 {[%emt 0:10:49] D00: 1 d4 d5: Unusual lines.} (6. Nc3 $14) 6... Bg7 7. Be5 O-O $146 (7... a5 8. a3 O-O 9. Bxc6 bxc6 10. Nd2 Bh6 11. Ngf3 Ba6 12. Nb3 a4 13. Bxf6 axb3 {0-1 Meessen,R (2170)-Braun,C (2420) BL2-West 2324 2023 (2.8)}) 8. Bxc6 {[%emt 0:02:06] The position is equal.} bxc6 9. Nd2 Ba6 10. Ne2 Bh6 (10... Qd7 $11 {remains equal.}) 11. Bxf6 $16 exf6 12. Nd4 ({White should play} 12. Nb3 $16) 12... Qd7 (12... f5 $11) 13. N2b3 Rfe8 (13... f5 $14) 14. Na5 $2 (14. h4 $16 {and life is bright.}) 14... f5 (14... Rxe3+ $1 $17 15. fxe3 Re8) 15. g3 $11 (15. Naxc6 f4 16. a4 (16. b5 $2 Bxb5 17. Nxb5 Qxc6 $19) 16... fxe3 $19) 15... Re4 $1 16. c3 (16. Ndxc6 Bg7 17. Kd2 Bb7 $19) 16... Rae8 (16... Bxe3 $1 $11 17. fxe3 Rxe3+ 18. Kf2 f4) 17. Qa4 $2 (17. Naxc6 Rxe3+ 18. fxe3 Bxe3 $19) (17. Kd2 $1 $16 {is forced if you want to stay better.}) 17... Bb5 (17... Rxd4 $142 18. cxd4 Bxe3 19. fxe3 Rxe3+ 20. Kd1 (20. Kd2 $2 Re2+ 21. Kd1 Qe7 $19) 20... Qe6) 18. Nxb5 $19 cxb5 19. Qc2 {[%emt 0:01:27] [#]} Bxe3 20. O-O $1 $11 (20. fxe3 $2 Rxe3+ 21. Kf2 Qe6 $19) 20... Bg5 21. Qd3 $36 {[%emt 0:01:16][%mdl 2048] White has the initiative.} f4 22. Kg2 (22. Rad1 $1 $11) 22... Bd8 (22... R8e5 $1 $17 {Hoping for ...Bd8.} 23. c6 Qe6) 23. Nb3 $1 R8e5 24. Nd2 Rh5 25. Nxe4 $2 (25. h4 $1 $11 Rxh4 26. Rh1 (26. gxh4 Qg4+ 27. Kh2 f3 $19) 26... Rxh1 27. Rxh1) 25... Qh3+ $19 26. Kf3 Qf5 $4 {[%emt 0:00:41][%mdl 8192] [#]} (26... dxe4+ $19 27. Qxe4 Bf6) 27. Nf6+ $2 Qxf6 $16 {[%emt 0:00:18] [#]} 28. Ke2 (28. gxf4 $2 Rh3+ (28... Rxh2 $2 29. Rh1 $18) 29. Ke2 Rxd3 30. Kxd3 Qf5+ (30... Qxf4 $2 31. Rae1 $19) 31. Kd2 Qxf4+ 32. Kc2 Qe4+ (32... Qxh2 $2 33. Rfd1 $19) 33. Kd2 Bg5+ 34. f4 Bxf4+ 35. Rxf4 Qxf4+ $19) (28. Kg2 $1 $18) 28... Rxh2 29. Rae1 {[%emt 0:00:31][%cal Ba1e1,Be1e8,Be8e7,Be7c7][%mdl 32] Threatens to win with Kd1.} (29. Qxd5 fxg3 30. Qd4 Qg5 $17) 29... Bc7 $2 (29... fxg3 $16 30. Qxg3 (30. Qxb5 $2 {loses.} gxf2 31. Rc1 Qe5+ 32. Kd1 Bg5 $19) 30... Rh4) 30. g4 $18 (30. Qxb5 fxg3 (30... Qxc3 $2 31. Qd3 $19) 31. Qe8+ Kg7 $19) 30... Qe6+ 31. Kd2 Qxg4 (31... Qc6 32. Qd4 a5) 32. Re8+ Kg7 33. Qd4+ ({Not} 33. Qxb5 Qf3 $18) 33... Kh6 34. Re7 Qg2 35. Rxc7 Qg1 36. Rxg1 {[%emt 0:00:13] White mates.} Kh5 37. Qxf4 h6 38. Qg4# {[%emt 0:00:37] Weighted Error Value: White=0.65/Black=1.25  Loses game:     	White=2     	Black=1      Missed win:     	White=1     	Black=2      Mistake:       	White=4     	Black=8      Inaccurate:     	White=1     	Black=3      OK:         	White=9     	Black=5      Best:        	White=3     	Black=2      Strong:       	White=2     	Black=1} 1-0

[Event "4NCL Div 1 2024-25"]
[Site "England"]
[Date "2025.01.25"]
[Round "3.23"]
[White "Mirzoeva, Elmira"]
[Black "Hryshchenko, Kamila"]
[Result "1-0"]
[Annotator "TA"]
[ECO "A49"]
[WhiteElo "2258"]
[BlackElo "2138"]
[PlyCount "65"]
[EventDate "2024.11.23"]
[EventType "team-tourn"]
[EventCountry "ENG"]
[SourceTitle "playchess.com"]
[Source "ChessBase"]
[SourceQuality "1"]
[TimeControl "40/6000+30:3000+30"]

1. d4 g6 2. Nf3 Bg7 3. b3 d6 4. Bb2 Nf6 5. g3 O-O 6. Bg2 Nc6 7. O-O a6 {[%emt 0:01:53] A49: 1 d4 Nf6 2 Nf3 g6 3 g3: Anti-King's Indian systems.} 8. d5 Na5 (8... Nb8 9. c4 e5 10. dxe6 fxe6 11. Nc3 Nc6 12. Qd2 Bd7 13. Rad1 Rb8 14. Ng5 Qe8 15. Nce4 {1-0 Mirzoeva,E (2282)-Hryshchenko,K (2181) London Menchik Memorial (Women) 2024 (8)}) 9. Re1 $146 (9. c4 b5 10. Nbd2 Rb8 11. Bc3 c5 12. Qc2 e6 13. e4 bxc4 14. bxc4 exd5 15. cxd5 Re8 16. h3 c4 17. Rab1 Bd7 18. Rxb8 Qxb8 19. Bxa5 {1-0 Sielecki,C (2403)-Roebers,J (2058) Titled Tuesday intern op 09th Apr Early blitz 2024 (1)}) 9... c5 {[%emt 0:02:55] White has an edge.} 10. e4 e5 11. dxe6 fxe6 12. e5 Ng4 13. h3 (13. Qxd6 $2 Qxd6 14. exd6 Bxb2 $19) 13... Nh6 {[%emt 0:00:37] A sharp opening} 14. c4 (14. Qxd6 $2 Qxd6 15. exd6 Bxb2 $19) 14... Rb8 (14... Nc6 $14) 15. Nc3 (15. Qxd6 $2 Qxd6 16. exd6 Bxb2 $19) 15... Nf7 16. Ne4 Nc6 17. Rb1 (17. Nxd6 Nxd6 18. Qc2 Nf5 $19) 17... Nfxe5 18. Nxe5 (18. Nxd6 Nxf3+ (18... Rxf3 $2 19. Bxf3 Nxf3+ 20. Qxf3 $19) 19. Bxf3 Bxb2 (19... Rxf3 $2 20. Bxg7 Kxg7 21. Ne8+ Qxe8 22. Qxf3 $19) 20. Nxc8 (20. Rxb2 $2 Nd4 $19) 20... Qxd1 (20... Bd4 $2 21. Rf1 $19) 21. Rexd1 Rxf3 $19 (21... Rbxc8 22. Bxc6 Bd4 23. Bd7 $11)) 18... Nxe5 19. Nxd6 Nf7 20. Ne4 {[%emt 0:00:00] White is much more active.} Bd4 21. Qe2 b6 22. Rbd1 e5 23. Bxd4 cxd4 ({Black should play} 23... exd4 $14 24. b4 Qc7) 24. Nc3 $16 Bb7 25. Nd5 Qd6 26. h4 (26. f4 $16 Rbe8 27. Qd2) 26... Kg7 (26... Rbe8 $14) 27. Qd3 Bc8 28. f4 {[%emt 0:00:00] [#]} Bf5 (28... Bg4 $16) 29. fxe5 $18 Nxe5 (29... Qc5 {was called for.}) 30. Qxd4 Rbe8 31. Re3 {[%emt 0:02:38][%cal Od1e1] Strongly threatening Rde1!.} ({Worse is} 31. Nxb6 Qxd4+ 32. Rxd4 Nf3+ 33. Bxf3 Rxe1+ 34. Kf2 Ra1 $17) (31. Qxb6 $2 {loses.} Nf3+ 32. Bxf3 Qxg3+ 33. Bg2 Rxe1+ 34. Rxe1 Qxe1+ 35. Kh2 Qxh4+ 36. Kg1 Qe1+ 37. Kh2 Qh4+ 38. Kg1 Re8 39. Qa7+ Kg8 $19) 31... Re6 $2 {[%emt 0:03:24] [#]} (31... Bg4 32. Rde1 (32. Nxb6 Qxd4 33. Rxd4 Bf5 $18) (32. Rxe5 Qxe5 33. Qxg4 Rd8 $18) 32... Rf5) 32. Nf4 Rd8 33. Nxe6+ {[%emt 0:00:13] Weighted Error Value: White=0.12 (very precise) /Black=0.67  Mistake:       	White=1     	Black=6      Inaccurate:     	White=1     	Black=4      OK:         	White=10    	Black=7      Best:        	White=3     	Black=1} 1-0

[Event "4NCL Div 1 2024-25"]
[Site "England"]
[Date "2025.01.25"]
[Round "3.24"]
[White "Varnam, Liam D"]
[Black "Pollack, Oscar"]
[Result "0-1"]
[Annotator "TA"]
[ECO "B36"]
[WhiteElo "2033"]
[BlackElo "2030"]
[PlyCount "104"]
[EventDate "2024.11.23"]
[EventType "team-tourn"]
[EventCountry "ENG"]
[SourceTitle "playchess.com"]
[Source "ChessBase"]
[SourceQuality "1"]
[TimeControl "40/6000+30:3000+30"]

1. e4 c5 2. Nf3 g6 3. d4 cxd4 4. Nxd4 Nc6 5. c4 Nf6 6. Nc3 d6 7. Be2 Nxd4 8. Qxd4 Bg7 9. O-O O-O 10. Qd3 a5 11. Be3 a4 12. f3 (12. Bd4 $14) 12... Be6 $11 13. Qd2 Qa5 14. Rac1 Rfc8 15. Nb5 Qxd2 16. Bxd2 Nd7 17. Rc2 $1 f5 18. Be3 fxe4 19. fxe4 Nc5 20. Nd4 Bf7 21. Bg4 Rc7 22. Nb5 Rc6 23. e5 Bxe5 24. Bf3 Rcc8 25. b4 axb3 26. axb3 Rab8 (26... Nxb3 27. Bxb7 Bf6 28. Bxc8 (28. Nxd6 exd6 29. Bxc8 Bd4 $16) 28... Rxc8 29. Nxd6 $18) 27. Bg4 (27. Re1 $15) 27... Nxb3 $17 28. Bxc8 Rxc8 29. Rb1 ({Better is} 29. h3) 29... Rxc4 {[%emt 0:00:59] Black is more active.} (29... Bxc4 $2 30. Na3 $18 (30. Rxb3 Rc6 $14)) 30. Ra2 Rc8 {[%emt 0:01:34][%cal Ob3d4] Against Ra8} 31. Ra7 Bd5 32. Bb6 $2 {[%emt 0:00:53] White does not recover from this.} (32. Ra3 $17) 32... Rc2 $19 33. Ra8+ (33. Bf2 $142) 33... Kg7 34. Bf2 Nc1 35. Nd4 {[%emt 0:00:25] [#]} Rxf2 36. Ne6+ Bxe6 37. Kxf2 Nd3+ (37... Nb3 38. Ra3 Nc5 (38... Bxh2 39. Rbxb3 Bxb3 40. Rxb3 $17) 39. Rb4 $19) 38. Ke3 Bf4+ 39. Ke2 Bg4+ (39... Bxh2 40. Rh1 $11) 40. Kf1 Nc5 ({Don't take} 40... Bxh2 41. Rxb7 Kf6 42. Rf8+ Kg5 43. Rxe7) 41. Rb4 e5 42. g3 Bh3+ {[%emt 0:00:04] Black is clearly winning.} 43. Ke2 Bg5 44. Rb6 Be7 45. Re8 Kf7 46. Rh8 h5 47. Ke3 Bf5 48. h4 (48. Kf2 $142) 48... d5 {[%emt 0:02:23] [#] Threatens to win with ...d4+.} 49. Rb5 d4+ 50. Kd2 Ne4+ 51. Ke1 d3 {[%emt 0:00:28] ( -> ...d2+)} 52. Rh7+ Ke6 {[%emt 0:00:14] Weighted Error Value: White=0.47/Black=0.04 (flawless)   Mistake:       	White=6     	---        Inaccurate:     	White=4     	Black=1      OK:         	White=13    	Black=24     Best:        	White=2     	Black=3      Strong:       	White=1     	---} (52... Kg8 $142 53. Rxe7 d2+ (53... Nxg3 $2 {perishes.} 54. Rbxb7 Kf8 55. Rh7 $18) 54. Ke2 Bg4+ (54... Nxg3+ $2 55. Kxd2 Ne4+ 56. Kc1 $18) 55. Ke3 d1=Q (55... d1=B $2 56. Kxe4 Kf8 57. Rc7 $18) 56. Rbxe5 Nxg3) 0-1

[Event "4NCL Div 1 2024-25"]
[Site "England"]
[Date "2025.01.25"]
[Round "3.25"]
[White "Bazakutsa, Svyatoslav"]
[Black "Larkin, Vladyslav"]
[Result "1-0"]
[Annotator "TA"]
[ECO "A25"]
[WhiteElo "2486"]
[BlackElo "2455"]
[PlyCount "97"]
[EventDate "2024.11.23"]
[EventType "team-tourn"]
[EventCountry "ENG"]
[SourceTitle "playchess.com"]
[Source "ChessBase"]
[SourceQuality "1"]
[TimeControl "40/6000+30:3000+30"]

1. c4 e5 2. g3 Nc6 3. Bg2 Bc5 4. Nc3 d6 5. e3 a6 6. Nf3 {[%emt 0:00:13] A25: English Opening vs King's Indian with ...Nc6 but without early d3.} Nf6 7. d4 Bb4 8. Qb3 $146 {[%emt 0:26:07] White is slightly better.} (8. Qc2 O-O 9. O-O Bxc3 10. Qxc3 e4 11. Nd2 Bf5 12. f3 exf3 13. Bxf3 Bh3 14. Re1 {½-½ Rasmussen,A (2542)-Nikolaidis,I (2519) EU-chT (Men) 21st 2017 (8.1)}) 8... exd4 9. exd4 O-O 10. O-O Bxc3 11. Qxc3 Ne4 {[%emt 0:00:27] Black is on the road to losing.} (11... d5 $14) 12. Qd3 $16 Re8 13. Re1 Bf5 (13... Nb4 $16 14. Qb3 Nc6) 14. Nh4 $18 Nxg3 15. Rxe8+ Qxe8 16. Nxf5 Qe1+ 17. Bf1 Nxf5 (17... Nxf1 $16 18. Qxf1 Qe4) 18. Qxf5 Nxd4 19. Qg4 Re8 20. Qxd4 Re6 {[%emt 0:00:11] [#] and ...Rg6+ should not be overlooked Prevents Bh6} 21. b3 $1 ({Much less strong is} 21. Qg4 $6 h5 22. Qh3 (22. Qxh5 Rg6+ 23. Bg5 Qxa1 $11) 22... Rg6+ 23. Kh1 Qxf2 $14) 21... Rg6+ {[%emt 0:01:59] [#]} 22. Bg5 $1 Rxg5+ 23. Kh1 Qe7 24. Bg2 Re5 25. h3 (25. Bxb7 $2 {perishes.} c5 26. Qg4 Qxb7+ 27. Qg2 Qc8 $19) 25... b6 26. Rg1 g6 27. Bd5 Re2 28. Rg3 Re1+ (28... c5 $142 29. Qf4 Re5) 29. Kh2 c5 30. Qc3 Qe5 31. Qxe5 Rxe5 {[%emt 0:00:04][%mdl 4096] Endgame KRB-KR} 32. Rf3 Re7 33. Rf6 Rd7 34. Bc6 Rd8 35. Kg3 Kf8 36. h4 h6 {[%emt 0:01:27] [#]} 37. h5 $1 Kg7 (37... Ke7 38. Rf3) 38. Rf3 g5 (38... a5 $142 39. Kg4 Rf8) 39. Kg4 Rc8 40. Bd5 Rf8 41. Kf5 {[%emt 0:51:13] And now Re3 would win.} Rd8 42. Re3 Rd7 43. Re4 b5 44. f4 gxf4 45. Rxf4 Re7 46. Re4 Ra7 47. Rg4+ Kf8 48. Kf6 {[%emt 0:00:00] White threatens Rg3 and mate.} Re7 {[%emt 0:00:04] [#]} 49. Rg8+ $3 {[%emt 0:00:00][%mdl 512] Weighted Error Value: White=0.06 (flawless) /Black=0.39  Mistake:       	---       	Black=5      Inaccurate:     	White=1     	Black=1      OK:         	White=20    	Black=12     Best:        	White=4     	Black=2      Strong:       	White=1     	---        Brilliant:      	White=1     	---} 1-0

[Event "4NCL Div 1 2024-25"]
[Site "England"]
[Date "2025.01.25"]
[Round "3.26"]
[White "Jogstad, Martin"]
[Black "Willow, Jonah B"]
[Result "0-1"]
[Annotator "TA"]
[ECO "A34"]
[WhiteElo "2379"]
[BlackElo "2454"]
[PlyCount "74"]
[EventDate "2024.11.23"]
[EventType "team-tourn"]
[EventCountry "ENG"]
[SourceTitle "playchess.com"]
[Source "ChessBase"]
[SourceQuality "1"]
[TimeControl "40/6000+30:3000+30"]

1. c4 c5 2. g3 Nf6 3. Bg2 d5 4. cxd5 Nxd5 5. Nc3 Nc7 6. Nf3 Nc6 7. O-O e5 8. a3 Rb8 9. Rb1 f6 10. d3 Be7 {[%emt 0:04:37] The position is equal.} 11. Be3 Bd7 12. Nd2 a5 13. f4 O-O 14. Nde4 Ne6 (14... exf4 $11 15. Bxf4 Be8) 15. Nd5 ({White should play} 15. f5 $14 Ned4 16. g4) 15... exf4 $11 16. Nxf4 Ned4 {[%emt 0:03:56] Repels Qb3+} 17. Bf2 Kh8 18. h3 {[%emt 0:05:02] [#]} ({Better is} 18. e3 $14 Ne6 19. Nxe6 Bxe6 20. d4) 18... a4 $1 19. e3 Nb3 20. Nd2 Nxd2 21. Qxd2 Ne5 22. d4 cxd4 23. exd4 Nc4 24. Qe2 b5 25. Rfe1 Bd6 26. Ne6 {[%emt 0:00:29] Prevents Qc7} Bxe6 27. Qxe6 f5 28. Bd5 (28. Qd5 $11 {remains equal.}) 28... Qc7 29. Kg2 f4 30. g4 $2 {[%emt 0:00:56][%mdl 8192] [#]} (30. gxf4 $17 Rxf4 31. Bg3) 30... Ne3+ $2 31. Bxe3 $17 {[%emt 0:01:08] [#] Bf2 would now be deadly.} Rbe8 $1 32. Rbc1 (32. Qxe8 $17 Rxe8 33. Bxf4) 32... Qd8 $19 33. Bf2 $2 {[%emt 0:01:00][%mdl 8192] This move loses the game for White.} (33. Qxe8 $17 Rxe8 34. Bf2) 33... Rxe6 34. Bxe6 f3+ 35. Kg1 Qb8 {[%emt 0:00:41] Strongly threatening ...Bg3.} 36. Rc6 (36. Rc2 $142) 36... Bg3 {[%emt 0:00:04] ( -> ...Bxf2+)} 37. Rec1 Bxf2+ {[%emt 0:00:07] Weighted Error Value: White=1.01/Black=0.28 (precise) .  Loses game:     	White=2     	---        Missed win:     	---       	Black=1      Mistake:       	White=5     	Black=1      Inaccurate:     	White=3     	Black=2      OK:         	White=7     	Black=14     Best:        	White=1     	Black=1} 0-1

[Event "4NCL Div 1 2024-25"]
[Site "England"]
[Date "2025.01.25"]
[Round "3.27"]
[White "Czopor, Maciej"]
[Black "Bottazzi, Ulysse"]
[Result "1/2-1/2"]
[Annotator "TA"]
[ECO "E90"]
[WhiteElo "2383"]
[BlackElo "2344"]
[PlyCount "73"]
[EventDate "2024.11.23"]
[EventType "team-tourn"]
[EventCountry "ENG"]
[SourceTitle "playchess.com"]
[Source "ChessBase"]
[SourceQuality "1"]
[TimeControl "40/6000+30:3000+30"]

1. c4 Nf6 2. Nc3 g6 3. e4 d6 4. d4 Bg7 5. Nf3 O-O 6. Bd3 Bg4 7. Be2 e5 8. d5 a5 9. Be3 {[%emt 0:04:19] White is slightly better.} Na6 10. Nd2 Bxe2 11. Qxe2 Nc5 12. O-O-O a4 13. a3 c6 14. Kb1 (14. Bxc5 $16 {aiming for Be3.} dxc5 15. Kb1) 14... Qa5 $11 15. f3 Rab8 16. Rc1 Rfc8 17. g4 b5 {[%emt 0:00:00] Hoping for ...b4.} 18. cxb5 ({But not} 18. Bxc5 dxc5 19. dxc6 b4 20. axb4 Qxb4 $11) 18... cxb5 19. Na2 Na6 {[%emt 0:00:00] Prevents Nb4} 20. Rxc8+ Rxc8 21. Rc1 Rxc1+ 22. Nxc1 h5 23. h3 hxg4 24. hxg4 Nd7 25. Na2 Bf8 26. Nc3 Nc7 27. Bg5 Nc5 (27... Nb6 $16) 28. Bd8 $18 N5a6 {[%emt 0:01:21] [#]} 29. Qf2 {[%emt 0:07:52] Dodges Qb6} Nc5 {[%emt 0:00:24] [#]} 30. Na2 {[%emt 0:17:10] White is more active.} (30. Qf1 $1 $16) 30... Qa7 31. Nb4 N7a6 32. Nc6 Qb7 33. Ba5 Nb8 {[%emt 0:00:21] The position is equal.} 34. Nxb8 Qxb8 35. Qe3 Be7 36. Bb4 Qd8 37. Qe2 {[%emt 0:01:36] Weighted Error Value: White=0.09 (flawless) /Black=0.08 (flawless) .  Mistake:       	White=2     	Black=1      Inaccurate:     	White=1     	Black=2      OK:         	White=14    	Black=12     Best:        	White=2     	Black=2} 1/2-1/2